 Dungeon Crawl Stone Soup version 0.18.1-8-gdd0e5ea (webtiles) character file.

11 jacquesderrida the Charmwright (level 2, 6/22 HPs)
             Began as a Demonspawn Skald on May 22, 2016.
             Quit the game on level 1 of the Dungeon.
             The game lasted 00:00:23 (146 turns).

jacquesderrida the Charmwright (Demonspawn Skald)    Turns: 146, Time: 00:00:23

Health: 6/22       AC:  3    Str: 12    XL:     2   Next: 13%
Magic:  1/5        EV: 11    Int: 13    God:
Gold:   0          SH:  0    Dex: 12    Spells: 1 memorised, 4 levels left

rFire  . . .     SeeInvis .     a - +0 spear
rCold  . . .     Gourm    .     b - +0 leather armour
rNeg   . . .     Faith    .     (no shield)
rPois  .         Spirit   +     (no helmet)
rElec  .         Dismiss  .     (no cloak)
rCorr  .         Reflect  .     (no gloves)
SustAt .         Harm     .     (no boots)
MR     .....                    (no amulet)
Stlth  +.........               (no ring)
                                (no ring)

@: not resistant to hostile enchantments, very unstealthy
A: magic shield
a: no special abilities


You were on level 1 of the Dungeon.
You were not hungry.

You visited 1 branch of the dungeon, and saw 1 of its levels.

Inventory:

Hand Weapons
 a - a +0 spear (weapon)
Armour
 b - a +0 leather armour (worn)
Scrolls
 f - a scroll of teleportation {unknown}
Potions
 e - a potion of lignification {unknown}
Books
 c - a book of Battle

   Spells                             Type                      Level
   a - Infusion                       Charms                       1
   b - Shroud of Golubria             Charms/Translocation         2
   c - Song of Slaying                Charms                       2
   d - Spectral Weapon                Hexes/Charms                 3
   e - Regeneration                   Charms/Necromancy            3
Comestibles
 d - a bread ration


   Skills:
 + Level 2.1 Fighting
 + Level 1.7 Polearms
 + Level 0.8 Armour
 + Level 1.0 Dodging
 + Level 2.2 Spellcasting
 + Level 2.9 Charms


You had 4 spell levels left.
You knew the following spells:

 Your Spells              Type           Power        Failure   Level  Hunger
a - Infusion              Chrm           #...         12%         1    ##.....


Dungeon Overview and Level Annotations

Branches:
Dungeon (1/15)

Altars:


Innate Abilities, Weirdness & Mutations

When hurt, damage is shared between your health and your magic reserves.


Message History

The jackal misses you. The jackal barely misses you.
You barely miss the jackal.
The jackal is moderately wounded.
The jackal bites you. x4
You hit the jackal but do no damage.
The jackal is moderately wounded.
The jackal barely misses you. The jackal bites you.
You hit the jackal.
The jackal is severely wounded.
The jackal bites you. The jackal closely misses you. x2
The jackal barely misses you.
You hit the jackal.
You kill the jackal!
Your Dodging skill increases to level 1!
The jackal bites you.
* * * LOW HITPOINT WARNING * * *
The jackal completely misses you.
You are too injured to fight recklessly!
You are too injured to fight recklessly!
Are you sure you want to abandon this character and quit the game? (Confirm with "yes".)

#### ### . #..
..#
....###.#####.#
....>.†@...##.#
....###h##.##.#
. ...##.##.#
#.#.##'##.###
#.#.........#
#...........#
###.........#
#.........#
#.........#


You could see a jackal.

Vanquished Creatures
  A giant cockroach (D:1)
  A goblin (D:1)
  3 hobgoblins (D:1)
  2 jackals (D:1)
  2 giant newts (D:1)
9 creatures vanquished.

Vanquished Creatures (others)
  2 ghouls (D:1)
  A minotaur (D:1)
  A vine stalker (D:1)
  An elf (D:1)
  2 trolls (D:1)
  A formicid (D:1)
  A dwarf (D:1)
  An ogre (D:1)
  A mummy (D:1)
  A kobold (D:1)
  5 tentacles (D:1)
  28 tentacle segments (D:1)
45 creatures vanquished.

Grand Total: 54 creatures vanquished

Notes
Turn   | Place    | Note
--------------------------------------------------------------
     0 | D:1      | jacquesderrida the Demonspawn Skald began the quest for the Orb.
     0 | D:1      | Reached XP level 1. HP: 16/16 MP: 3/3
     0 | D:1      | Noticed a troll
     0 | D:1      | Noticed an elf
     0 | D:1      | Noticed a dwarf
     0 | D:1      | Noticed a ghoul
     0 | D:1      | Noticed a ghoul
     0 | D:1      | Noticed a vine stalker
     0 | D:1      | Noticed a kraken
     0 | D:1      | Noticed a troll
     0 | D:1      | Noticed a minotaur
     0 | D:1      | Noticed a formicid
     0 | D:1      | Noticed an ogre
     8 | D:1      | Killed a troll
     9 | D:1      | Killed a vine stalker
    10 | D:1      | Killed a formicid
    11 | D:1      | Killed an elf
    13 | D:1      | Killed a minotaur
    13 | D:1      | Killed a troll
    13 | D:1      | Killed a dwarf
    15 | D:1      | Killed an ogre
    17 | D:1      | Killed a ghoul
    18 | D:1      | Killed a ghoul
   118 | D:1      | Gained mutation: When hurt, damage is shared between your health and your magic reserves. [demonic ancestry]
   118 | D:1      | Reached XP level 2. HP: 14/22 MP: 5/5
   145 | D:1      | Reached skill level 1 in Dodging
   146 | D:1      | Quit the game

Skill      XL: |  1  2 |
---------------+-------+-----
Dodging        | 1 |  1.0
Fighting       | |  2.1
Polearms       | |  1.7
Armour         | |  0.8
Spellcasting   | |  2.2
Charms         | |  2.9

Action                   || total
-------------------------++-------
Melee: Spear             ||    45
Armor: Leather armour    ||     8
Dodge: Dodged            ||    28
